 Dungeon Crawl Stone Soup version 0.21.1-1-g345015f (webtiles) character file.

18 inc the Vexing (level 2, -2/11 HPs)
             Began as a Felid Enchanter on June 19, 2018.
             Slain by a leopard gecko (5 damage)
             ... on level 1 of the Dungeon.
             The game lasted 00:01:07 (813 turns).

inc the Vexing (Felid Enchanter)                     Turns: 813, Time: 00:01:08

Health: -2/11      AC:  1    Str:  4    XL:     2   Next: 48%
Magic:  0/6        EV: 18    Int: 16    God:
Gold:   21         SH:  0    Dex: 16    Spells: 2/5 levels left
                                        Lives:  0   Deaths: 0

rFire    . . .     SeeInvis +     - Unarmed
rCold    . . .     Gourm    .   (shield unavailable)
rNeg     . . .     Faith    .   (armour unavailable)
rPois    .         Spirit   .   (helmet unavailable)
rElec    .         Reflect  .   (cloak unavailable)
rCorr    .         Harm     .   (gloves unavailable)
MR       .....                  (boots unavailable)
Stlth    +++.......             (no amulet)
HPRegen  0.03/turn              (no ring)
MPRegen  0.10/turn              (no ring)

@: very slightly contaminated, quick
A: very small, no armour, no weapons or thrown items, stealth, claws 1, fangs 3,
see invisible, carnivore, speed 1, shaggy fur 1, slow metabolism 1, sharp paws
a: no special abilities


You were on level 1 of the Dungeon.
You were not hungry.

You visited 1 branch of the dungeon, and saw 1 of its levels.

You collected 21 gold pieces.

Inventory:

Books
 a - a book of Maledictions

   Spells                             Type                      Level
   a - Corona                         Hexes                        1
   b - Ensorcelled Hibernation        Hexes/Ice                    2
   c - Confuse                        Hexes                        3
   d - Tukima's Dance                 Hexes                        3
   e - Dazzling Spray                 Conjuration/Hexes            3
Comestibles
 b - a ration


   Skills:
 - Level 2.6 Dodging
 - Level 4.0 Stealth
 - Level 2.2 Unarmed Combat
 - Level 2.0 Spellcasting
 - Level 4.4 Hexes
 + Level 0.8 Ice Magic


You had 2 spell levels left.
You knew the following spells:

 Your Spells              Type           Power        Failure   Level  Hunger
a - Corona                Hex            ###....      3%          1    #......
b - Ensorcelled Hibernat  Hex/Ice        ##....       11%         2    ###....


Dungeon Overview and Level Annotations

Branches:
Dungeon (1/15)

Altars:


Innate Abilities, Weirdness & Mutations

You cannot wear armour.
You are incapable of wielding weapons or throwing items.
Your paws allow you to move quietly. (Stealth)
You have sharp claws.
You have razor-sharp teeth.
You have supernaturally acute eyesight. (SInv)
You are carnivorous and can eat meat at any time.
You cover ground quickly.
You are covered in fur. (AC +1)
You have a slow metabolism.
Your sharp claws are effective at attacking unaware monsters.


Message History

Casting: Ensorcelled Hibernation
Confirm with . or Enter, or press ? or * to list all spells.
You don't have enough magic to cast that spell.
Unknown command.
You closely miss the leopard gecko. The leopard gecko bites you.
You scratch the leopard gecko.
The leopard gecko is moderately wounded.
The leopard gecko hisses menacingly.
The leopard gecko closely misses you.
You scratch the leopard gecko.
The leopard gecko is heavily wounded.
The leopard gecko bites you but does no damage.
You scratch the leopard gecko but do no damage.
The leopard gecko is heavily wounded.
The leopard gecko closely misses you. The leopard gecko bites you.
* * * LOW HITPOINT WARNING * * *
You barely miss the leopard gecko. Your bite misses the leopard gecko.
The leopard gecko is moderately wounded.
The leopard gecko bites you.
You die...

#.# #..##≈ #.#
#...## #.# #..###
#.# ##.##. #.#
#.##. #.# #.##. #.#
#.##. #.# #.##. #@#
#.##. #l# #.... #.#
####. #.# #.
#######.# #.
#.$.....##### #.
######.#...........
#.
.........##########
#. ....>.s..# .


You could see a leopard gecko.

Vanquished Creatures
  A dart slug (D:1)
  A leopard gecko (D:1)
  A bat (D:1)
  A goblin (D:1)
  A hobgoblin (D:1)
  4 jackals (D:1)
  2 kobolds (D:1)
  A frilled lizard (D:1)
12 creatures vanquished.

Notes
Turn   | Place    | Note
-------+----------+-------------------------------------------
     0 | D:1      | inc the Felid Enchanter began the quest for the Orb.
     0 | D:1      | Reached XP level 1. HP: 7/7 MP: 4/4
   177 | D:1      | Reached XP level 2. HP: 6/11 MP: 4/6
   391 | D:1      | Learned a level 2 spell: Ensorcelled Hibernation
   813 | D:1      | Slain by a leopard gecko

Skill      XL: |  1 |
---------------+----+-----
Unarmed Combat | 2 |  2.2
Dodging        | |  2.6
Stealth        | |  4.0
Spellcasting   | |  2.0
Hexes          | |  4.4
Ice Magic      | |  0.8

Action                   || total
-------------------------++-------
Melee: Unarmed           ||    49
       Bite              ||     4
 Cast: Corona            ||     2
       Ensorcelled Hiber ||     7
 Stab: Sleeping          ||     4
Armor: Skin              ||     3
Dodge: Dodged            ||    48
